 Dungeon Crawl Stone Soup version 0.29.0-4-gdea44cf6ec (webtiles) character file.

Game seed: 9604443330809867829

105 qw the Chopper (level 4, 0/26 HPs)
             Began as a Tengu Warper on Aug 28, 2022.
             Slain by Jessica
             ... wielding a +0 dagger
              (3 damage)
             ... on level 3 of the Dungeon.
             The game lasted 00:00:09 (1639 turns).

qw the Chopper (Tengu Warper)                       Turns: 1639, Time: 00:00:09

Health: 0/26       AC:  6    Str: 13    XL:     4   Next: 83%
Magic:  8/8        EV:  9    Int: 13    God:
Gold:   82         SH:  0    Dex: 14    Spells: 7/7 levels left

rFire   . . .      SeeInvis .   Y - +0 hand axe
rCold   . . .      Faith    .   (no shield)
rNeg    . . .      Spirit   .   n - +0 scale mail
rPois   .          Reflect  .   (helmet restricted)
rElec   .          Harm     .   (no cloak)
rCorr   .          Rampage  .   (no gloves)
Will    .....                   (boots unavailable)
Stlth   ..........              b - amulet of the acrobat
HPRegen 0.08/turn               (no ring)
MPRegen 0.11/turn               (no ring)

@: brilliant
A: beak, talons 3
a: no special abilities


You were on level 3 of the Dungeon.
You visited 1 branch of the dungeon, and saw 3 of its levels.

You collected 82 gold pieces.


Innate Abilities, Weirdness & Mutations

You have a beak for a mouth.
You have claws for feet.


   Skills:
 - Level 2.0 Fighting
 + Level 5.3 Axes
 - Level 1.0 Throwing
 - Level 1.1 Armour
 - Level 2.1 Dodging
 - Level 2.0 Spellcasting
 - Level 2.4 Translocations


You had 7 spell levels left.
You didn't know any spells.
Your spell library contained the following spells:

 Spells                   Type           Power      Damage    Failure   Level
 Blink                    Tloc           22%        N/A       56%         2
 Gell's Gravitas          Tloc           11%        N/A       80%         3
 Lesser Beckoning         Tloc           11%        N/A       80%         3
 Teleport Other           Tloc           11%        N/A       80%         3
 Manifold Assault         Tloc           11%        N/A       100%        5

Inventory:

Hand Weapons
 i - a +0 whip
 Y - a +0 hand axe (weapon)
Missiles
 f - 5 silver javelins (quivered)
 l - 6 boomerangs
Armour
 n - a +0 scale mail (worn)
Jewellery
 b - an amulet of the acrobat (around neck)
Scrolls
 a - 2 scrolls of identify
Potions
 j - a potion of attraction {unknown}
 o - a potion of resistance {unknown}

Dungeon Overview and Level Annotations

Branches:
Dungeon (3/15)

Altars:

Annotations:
D:3 Jessica


Message History

Jessica shouts, "You are a ghastly nuisance!"
You hit the gnoll. Your kick misses the gnoll.
The gnoll is almost dead.
You hit the gnoll. The gnoll barely misses you.
The gnoll hits you with a +0 halberd!
You closely miss the gnoll. Your kick misses the gnoll.
Your peck misses the gnoll.
The gnoll is almost dead.
You hit the gnoll. The gnoll closely misses you.
The gnoll hits you but does no damage.
You closely miss the gnoll. Your kick misses the gnoll. You peck the gnoll.
You kill the gnoll!
You hit the black bear. You closely miss the gnoll. The black bear bites you.
The black bear claws you.
The black bear claws you but does no damage.
Jessica gestures wildly while chanting.
Jessica seems to speed up.
The gnoll closely misses you.
You barely miss the gnoll. You peck the gnoll.
The gnoll is almost dead.
You hit the black bear but do no damage.
Jessica mumbles some strange words.
Jessica blinks!
The gnoll barely misses you. The gnoll hits you but does no damage.
The gnoll hits you from afar with a +3 spear.
The black bear bites you.
The black bear claws you but does no damage.
The black bear barely misses you.
You hit the gnoll.
You kill the gnoll!
You hit the black bear but do no damage.
Jessica gestures wildly while chanting.
Jessica blinks!
The gnoll hits you from afar with a +3 spear.
The gnoll barely misses you. The black bear closely misses you. x2
The black bear claws you but does no damage.
You hit the black bear. You claw the black bear.
The black bear is moderately wounded.
You hit Jessica. Jessica hits you with a +0 dagger.
You die...

# .. ## .#. .##.
##.#. ... .....
.¤# #.#.##..#
####.#g#g¤.
......h))# ###
.. #...@.#...
....###.@.#.###
.....$........#
. ...###..#.##.#
... #......#
.....####...#
...........##
.....###...###.#
.## ##.<.....#


You could see a black bear, 2 gnolls and Jessica (fast).

Vanquished Creatures
  5 gnolls
  An adder (D:2)
  A worm (D:2)
  2 dart slugs (D:1)
  2 endoplasms (D:2)
  A giant cockroach (D:1)
  4 goblins (D:1)
  5 hobgoblins
  A quokka (D:2)
  7 ball pythons
  3 bats
  3 frilled lizards (D:1)
  4 kobolds
  6 rats
45 creatures vanquished.

Notes
Turn   | Place    | Note
-------+----------+-------------------------------------------
     0 | D:1      | qw the Tengu Warper began the quest for the Orb.
     0 | D:1      | Reached XP level 1. HP: 12/12 MP: 4/4
     0 | D:1      | 0 ||| qw: Version: 0.1-a-89-g26bdef1
     0 | D:1      | 0 ||| qw: Game counter: 1385
     0 | D:1      | 0 ||| qw: Always use a shield: true
     0 | D:1      | 0 ||| qw: God list: Okawaru
     0 | D:1      | 0 ||| qw: Allow faded altars: false
     0 | D:1      | 0 ||| qw: Do Orc after D:15 true
     0 | D:1      | 0 ||| qw: Do second Lair branch before Depths: true
     0 | D:1      | 0 ||| qw: Lair rune preference: random
     0 | D:1      | 0 ||| qw: Plans: Normal
     0 | D:1      | 0 ||| PLANNING D:1-11
    28 | D:1      | 28 ||| Stepping ~*~*~tactically~*~*~ (hiding).
   153 | D:1      | 153 ||| Stepping ~*~*~tactically~*~*~ (stealth).
   214 | D:1      | Found a faded altar of an unknown god.
   217 | D:1      | 217 ||| Stepping ~*~*~tactically~*~*~ (stealth).
   222 | D:1      | Reached XP level 2. HP: 17/17 MP: 6/6
   226 | D:1      | Reached skill level 3 in Axes
   510 | D:1      | 510 ||| Stepping ~*~*~tactically~*~*~ (hiding).
   807 | D:1      | 807 ||| Stepping ~*~*~tactically~*~*~ (stealth).
   808 | D:1      | 808 ||| Stepping ~*~*~tactically~*~*~ (stealth).
   815 | D:1      | Reached XP level 3. HP: 18/21 MP: 7/7
   836 | D:1      | 836 ||| Stepping ~*~*~tactically~*~*~ (stealth).
   999 | D:1      | 999 ||| UPGRADING to +0 scale mail.
  1009 | D:1      | 1009 ||| DROPPING +0 leather armour.
  1010 | D:1      | 1010 ||| READING 3 scrolls labelled MENAIR VYUHACW.
  1011 | D:1      | 1011 ||| READING scroll labelled QOERAA QISHOYTH.
  1015 | D:1      | 1015 ||| READING scroll labelled HUXZAFFUDAL.
  1016 | D:1      | 1016 ||| READING scroll labelled ARCHEG PUFILI.
  1017 | D:1      | 1017 ||| READING 2 scrolls of identify.
  1017 | D:1      | 1017 ||| IDENTIFYING bubbling inky potion
  1018 | D:1      | 1018 ||| DROPPING scroll of blinking.
  1019 | D:1      | 1019 ||| DROPPING potion of flight.
  1053 | D:2      | 1053 ||| Stepping ~*~*~tactically~*~*~ (stealth).
  1057 | D:2      | Reached skill level 4 in Axes
  1065 | D:2      | Reached XP level 4. HP: 26/26 MP: 8/8
  1086 | D:2      | 1086 ||| Stepping ~*~*~tactically~*~*~ (stealth).
  1321 | D:2      | Reached skill level 5 in Axes
  1587 | D:2      | 1587 ||| UPGRADING to amulet of the acrobat.
  1592 | D:2      | 1592 ||| READING scroll labelled HELEQ ETTOUSKUOS.
  1593 | D:2      | 1593 ||| DRINKING 2 clear potions.
  1594 | D:2      | 1594 ||| DROPPING potion of brilliance.
  1632 | D:3      | Noticed a black bear
  1632 | D:3      | Noticed Jessica
  1637 | D:3      | HP: 4/26 [black bear (3)]
  1639 | D:3      | Slain by Jessica

Levels and vault maps discovered:
D:1:      dpeg_arrival_rhombus, layout_loops_cross,
          hellmonk_ecumenical_altar_blasted, minmay_misc_feat_columns,
          minivault_19
D:2:      layout_rooms
D:3:      layout_basic, corexii_item_surrounded_by_moat, uniq_jessica

Skill      XL: |  1  2  3  4 |
---------------+-------------+-----
Axes           | 3 4 5 |  5.3
Fighting       | |  2.0
Throwing       | |  1.0
Armour         | |  1.1
Dodging        | |  2.1
Spellcasting   | |  2.0
Translocations | |  2.4

Action                   |  1- 3 |  4- 6 || total
-------------------------+-------+-------++-------
Melee: Hand axe          |    41 |    31 ||    72
       Kick              |    10 |     6 ||    16
       Peck              |     3 |     5 ||     8
Throw: Boomerang         |     7 |       ||     7
       Javelin           |    15 |    14 ||    29
  Use: Scroll            |     5 |     1 ||     6
       Potion            |       |     1 ||     1
 Stab: Distracted        |     1 |       ||     1
Armor: Leather armour    |     3 |       ||     3
       Scale mail        |       |    13 ||    13
Dodge: Dodged            |    24 |    17 ||    41

Table legend:
 A = Non-vault XP
 B = Vault XP
 C = Vault XP percentage of total XP
 D = Non-vault monster count
 E = Vault monster count
 F = Vault count percentage of total count
                 A         B        C        D         E       F
            +---------+---------+-------+---------+---------+-------
      Total |     151 |       0 |   0.0 |      45 |       0 |   0.0
            +---------+---------+-------+---------+---------+-------
        D:1 |      42 |       0 |   0.0 |      25 |       0 |   0.0
        D:2 |      81 |       0 |   0.0 |      18 |       0 |   0.0
        D:3 |      28 |       0 |   0.0 |       2 |       0 |   0.0
            +---------+---------+-------+---------+---------+-------
